 Dungeon Crawl Stone Soup version 0.30-a0-949-g53dc5368d7 (webtiles) character file.

Game seed: 15657730215146374437

57 Zenkrye the Poker (level 4, 0/35 HPs)
             Began as a Human Cinder Acolyte on Mar 27, 2023.
             Was a High Priest of Ignis.
             Slain by an iguana (6 damage)
             ... on level 2 of the Dungeon.
             The game lasted 00:02:06 (1607 turns).

Zenkrye the Poker (Human Cinder Acolyte)            Turns: 1607, Time: 00:02:06

Health: 0/35       AC:  4    Str: 16    XL:     4   Next: 18%
Magic:  0/5        EV: 10    Int: 15    God:    Ignis [*****.]
Gold:   84         SH:  2    Dex:  8    Spells: 3/5 levels left

rFire   + + .      SeeInvis .    a - -1 spear (flame)
rCold   + . .      Faith    .    o - +0 buckler {rC+ rF+}
rNeg    . . .      Spirit   .    d - +0 leather armour
rPois   .          Reflect  .    (no helmet)
rElec   .          Rampage  .    (no cloak)
rCorr   .                        p - +0 pair of gloves
Will    .....                    (no boots)
Stlth   +                        (no amulet)
HPRegen 0.25/turn                (no ring)
MPRegen 0.09/turn                (no ring)

@: very slightly contaminated
A: no striking features
a: Renounce Religion, Fiery Armour, Foxfire Swarm, Rising Flame


You were on level 2 of the Dungeon.
You worshipped Ignis.
Ignis was extremely pleased with you.
You visited 1 branch of the dungeon, and saw 2 of its levels.

You collected 84 gold pieces.

Inventory:

Hand Weapons
 a - a -1 spear of flaming (weapon)
 f - a +0 spear
 h - a +0 trident
Armour
 b - a +0 robe
 d - a +0 leather armour (worn)
 l - a +0 scale mail
 o - a +0 buckler of resistance (worn)
 p - a +0 pair of gloves (worn)
Scrolls
 c - a scroll of immolation
 j - 2 scrolls of identify {unknown}
 k - a scroll of fear {unknown}
Potions
 e - 2 potions of ambrosia {unknown}
 g - 4 potions of might {unknown}
 i - 2 potions of brilliance {unknown}
 m - 2 potions of curing {unknown}
 n - a potion of heal wounds {unknown}


   Skills:
 - Level 3.0 Fighting
 + Level 4.7 Polearms
 - Level 1.0 Spellcasting
 - Level 3.0 Fire Magic


You had 3 spell levels left.
You knew the following spells:

 Your Spells              Type           Power      Damage    Failure   Level
a - Scorch                Fire           18%        2d5       19%         2

Your spell library contained the following spells:

 Spells                   Type           Power      Damage    Failure   Level


Dungeon Overview and Level Annotations

Branches:
Dungeon (2/15)

Altars:


Message History

The iguana closely misses you.
You hit the iguana. You burn the iguana.
The iguana is severely wounded.
The iguana bites you but does no damage.
You barely miss the iguana.
The iguana is severely wounded.
The iguana closely misses you.
You hit the iguana. You burn the iguana.
The iguana is severely wounded.
You hit the iguana but do no damage.
The iguana is severely wounded.
The iguana misses you.
You hit the iguana but do no damage.
The iguana is severely wounded.
The iguana bites you.
You barely miss the iguana.
The iguana is severely wounded.
The iguana completely misses you.
You barely miss the iguana.
The iguana is severely wounded.
The iguana closely misses you.
You closely miss the iguana.
The iguana is severely wounded.
The iguana misses you.
Casting: Scorch (safe; 19% risk of failure)
Confirm with . or Enter, or press ? or * to list all spells.
You miscast Scorch.
You are very lightly contaminated with residual magic.
Nothing appears to happen.
The iguana bites you!
* * * LOW HITPOINT WARNING * * *
You closely miss the iguana.
The iguana is severely wounded.
The iguana completely misses you.
You barely miss the iguana.
The iguana is severely wounded.
The iguana misses you.
You barely miss the iguana.
The iguana is severely wounded.
The iguana bites you.
You die...

...........+.....'........+.....#
...........#######........####...
##.........#######........#......
##....)..................#.###..
#...................)..........
#................######.#####.#
#........#####.### #......<.
########## #.# ######### #@#
#.......# ### #l# #.#####.# ..#
... #.# #)# ..# ..... #.# #.. ..#
....... #.####### ..# .........
#........ ..# #..........
######### ..# #..........# ..#


You could see an iguana.

Vanquished Creatures
  Terence (D:2)
  An adder (D:2)
  2 worms (D:2)
  An endoplasm (D:2)
  3 goblins (D:2)
  A hobgoblin (D:1)
  4 kobolds
  A quokka (D:2)
  2 ball pythons
  2 bats
  2 frilled lizards (D:2)
  A rat (D:2)
21 creatures vanquished.

Notes
Turn   | Place    | Note
-------+----------+-------------------------------------------
     0 | D:1      | Zenkrye the Human Cinder Acolyte began the quest for the
                  | Orb.
     0 | D:1      | Reached XP level 1. HP: 18/18 MP: 2/2
    37 | D:1      | Found a faded altar of an unknown god.
   876 | D:2      | Reached XP level 2. HP: 24/24 MP: 3/3
   879 | D:2      | Learned a level 2 spell: Scorch
  1217 | D:2      | Noticed Terence
  1234 | D:2      | Killed Terence
  1235 | D:2      | Reached skill level 4 in Polearms
  1235 | D:2      | Reached XP level 3. HP: 20/29 MP: 2/4
  1429 | D:2      | Reached XP level 4. HP: 35/35 MP: 0/5
  1607 | D:2      | Slain by an iguana

Illustrated notes

Levels and vault maps discovered:
D:1:      dpeg_arrival_orchard, layout_basic, hellmonk_ecumenical_altar_blasted
D:2:      layout_basic, st_stairs_4, uniq_terence

Skill      XL: |  1  2 |
---------------+-------+-----
Polearms       | 4 |  4.7
Fighting       | |  3.0
Spellcasting   | |  1.0
Fire Magic     | |  3.0

Action                     |  1- 3 |  4- 6 || total
---------------------------+-------+-------++-------
  Melee: Spear             |    65 |    24 ||    89
         Punch             |     3 |       ||     3
   Cast: Scorch            |     3 |     2 ||     5
 Armour: Leather armour    |     4 |     2 ||     6
  Dodge: Dodged            |    20 |    12 ||    32
  Block: Buckler           |       |     1 ||     1

Table legend: (Time is in decaauts)
 A = Elapsed time spent in this place.
 B = Non-inter-level travel time spent in this place.
 C = Inter-level travel time spent in this place.
 D = Time resting spent in this place.
 E = Time spent auto-exploring this place.
 F = Levels seen in this place.
 G = Mean time per level.
                   A        B        C        D        E       F      G
               +--------+--------+--------+--------+--------+-----+--------+
         Total |   1598 |   1581 |     17 |      0 |   1368 |   2 |  799.0 |
       Dungeon |   1598 |   1581 |     17 |      0 |   1368 |   2 |  799.0 |
               +--------+--------+--------+--------+--------+-----+--------+

Top non-repeatable levels by time:
     D:1: 867 daAuts
     D:2: 731 daAuts
